 Dungeon Crawl Stone Soup version 0.19.1 (webtiles) character file.

1640 Apogee the Basher (level 8, -2/75 HPs)
             Began as a Minotaur Fighter on Dec 23, 2016.
             Was a Follower of Okawaru.
             Killed by divine providence
             ... invoked by an orc priest
              (12 damage)
             ... on level 6 of the Dungeon.
             The game lasted 00:10:17 (5372 turns).

Apogee the Basher (Minotaur Fighter)                Turns: 5372, Time: 00:10:18

Health: -2/75      AC:  8    Str: 24    XL:     8   Next: 66%
Magic:  7/7        EV: 10    Int:  5    God:    Okawaru [*.....]
Gold:   190        SH:  0    Dex:  9    Spells: 0 memorised, 7 levels left

rFire  . . .     SeeInvis .     w - +2 flail (drain)
rCold  . . .     Gourm    .     b - +0 scale mail
rNeg   . . .     Faith    .     (no shield)
rPois  .         Spirit   .     (helmet restricted)
rElec  .         Reflect  .     (no cloak)
rCorr  .         Harm     .     (no gloves)
MR     .....                    D - +0 pair of boots
Stlth  +.........               (no amulet)
                                (no ring)
                                c - ring of stealth

@: no status effects
A: retaliatory headbutt, horns 2
a: Heroism, Renounce Religion


You were on level 6 of the Dungeon.
You worshipped Okawaru.
Okawaru was aware of your devotion.
You were not hungry.

You visited 1 branch of the dungeon, and saw 6 of its levels.

You collected 190 gold pieces.


Innate Abilities, Weirdness & Mutations

You reflexively headbutt those who attack you in melee.
You have a pair of horns on your head.


   Skills:
 + Level 8.6 Fighting
 + Level 9.7 Maces & Flails
 - Level 6.0 Armour
   Level 3.6 Shields


You had 7 spell levels left.
You didn't know any spells.

Inventory:

Hand Weapons
 w - a +2 flail of draining (weapon)
Missiles
 l - 28 arrows
 r - 20 bolts
Armour
 b - a +0 scale mail (worn)
 D - a +0 pair of boots (worn)
Jewellery
 c - a ring of stealth (left hand)
 x - a +1 ring of evasion {unknown}
 B - an uncursed ring of poison resistance {unknown}
Wands
 y - a wand of confusion (28/48)
Scrolls
 a - a scroll of teleportation {unknown}
 e - 3 scrolls of amnesia
 g - 4 scrolls of remove curse
 j - 2 scrolls of identify {@r1}
 z - a scroll of acquirement {unknown}
 C - a scroll of blinking
Potions
 d - 2 potions of might
 h - 3 potions of haste {unknown}
 k - 3 potions of heal wounds {@q2}
 m - a potion of agility {unknown}
 n - a potion of degeneration {unknown}
 o - a potion of magic {unknown}
 p - 2 potions of cancellation {unknown}
 s - 2 potions of flight {unknown}
 A - 2 potions of mutation {unknown}
Books
 u - a book of Minor Magic

   Spells                             Type                      Level
   a - Magic Dart                     Conjuration                  1
   b - Blink                          Translocation                2
   c - Call Imp                       Summoning                    2
   d - Repel Missiles                 Charms/Air                   2
   e - Slow                           Hexes                        2
   f - Conjure Flame                  Conjuration/Fire             3
   g - Mephitic Cloud                 Conjuration/Poison/Air       3
Comestibles
 f - 3 bread rations
 i - a fruit
 q - 3 meat rations
 t - a slice of pizza
 v - a beef jerky

Dungeon Overview and Level Annotations

Branches:
Dungeon (6/15)
 Temple: D:4-7

Altars:
Nemelex Xobeh
Okawaru
Qazlal
Ru
Uskayaw
Yredelemnul
Zin

Annotations:
D:4 Azzok's ghost, amateur GrFi

▒▒▒ ▒▒▒▒▒▒▒▒▒.▒▒
........H<.▒ ▒ ▒
▒▒▒▒▒▒▒▒▒o▒▒▒.▒
▒▒▒.▒▒▒▒▒▒▒......▒
...............▒▒
▒..▒▒▒▒▒.J....▒
▒.▒▒..▒▒▒▒▒o.(...▒
▒.....o.)..O......▒
£......O....▒▒▒.▒▒.▒
.▒▒▒..▒▒▒▒▒s▒ .▒ ▒▒


You could see an orc priest.


Message History

* * * LOW HITPOINT WARNING * * *
You barely miss the orc warrior.
The orc warrior hits you with a dire flail.
* * * LOW HITPOINT WARNING * * *
You hit the orc warrior. You drain the orc warrior!
The orc warrior is moderately wounded.
You hit the orc warrior. You headbutt the orc warrior.
The orc warrior is heavily wounded.
You are no longer corroded.
The orc warrior closely misses you. You furiously retaliate!
You headbutt the orc warrior.
You hit the orc warrior but do no damage.
You drain the orc warrior! Your headbutt misses the orc warrior.
The orc warrior is almost dead.
The orc priest invokes the aid of Beogh against you.
Beogh smites you!
* * * LOW HITPOINT WARNING * * *
The orc warrior hits you with a dire flail!
* * * LOW HITPOINT WARNING * * *
You hit the orc warrior but do no damage.
You drain the orc warrior!
You kill the orc warrior!
Okawaru accepts your kill.
The orc priest invokes the aid of Beogh against you.
Beogh smites you!
You die...

Action                   |  1- 3 |  4- 6 |  7- 9 || total
-------------------------+-------+-------+-------++-------
Melee: Flail             |    83 |   101 |   116 ||   300
       Headbutt          |    16 |    17 |    24 ||    57
  Use: Scroll            |       |     9 |       ||     9
  Eat: Chunk             |     1 |     5 |     8 ||    14
Armor: Scale mail        |    48 |    44 |    20 ||   112
Dodge: Dodged            |    56 |    51 |    45 ||   152

Vault maps used:
D:1:      dpeg_chamrin_arrival_tetris, minmay_shallow_snake_nest
D:2:      minmay_misc_feat_rows, lemuel_another_geyser
D:3:      nicolae_ru_path_of_blood
D:4:      nicolae_overflow_crystal_walls, kennysheep_mini, first_bread,
          item_on_display_a, uniq_blork_the_orc, uniq_menkaure, uniq_pikel,
          uniq_natasha
D:5:      nicolae_overflow_hidden_temple, nemelex_xobeh_ov_fountains_minmay,
          roderic_filled_cross
D:6:      lemuel_doored_altar, uniq_grinder, uniq_sigmund

Notes
Turn   | Place    | Note
-------+----------+-------------------------------------------
     0 | D:1      | Apogee the Minotaur Fighter began the quest for the Orb.
     0 | D:1      | Reached XP level 1. HP: 19/19 MP: 0/0
   226 | D:1      | Reached skill level 3 in Maces & Flails
   232 | D:1      | Reached XP level 2. HP: 25/27 MP: 1/1
   514 | D:1      | Reached skill level 4 in Fighting
   877 | D:2      | Reached XP level 3. HP: 24/34 MP: 2/2
  1121 | D:2      | Reached skill level 4 in Maces & Flails
  1281 | D:2      | Reached XP level 4. HP: 41/41 MP: 3/3
  1347 | D:2      | Reached skill level 5 in Fighting
  1813 | D:3      | Noticed a phantom
  1838 | D:3      | Killed a phantom
  1838 | D:3      | Reached skill level 5 in Maces & Flails
  1838 | D:3      | Reached XP level 5. HP: 21/50 MP: 4/4
  2497 | D:3      | Reached skill level 6 in Fighting
  2559 | D:3      | Found a sacrificial altar of Ru.
  2748 | D:4      | Noticed a slave
  2750 | D:4      | Noticed a slave
  2750 | D:4      | Noticed Azzok's ghost (amateur GrFi)
  2968 | D:4      | Reached skill level 4 in Armour
  2968 | D:4      | Reached XP level 6. HP: 43/57 MP: 5/5
  3182 | D:4      | Noticed Pikel
  3195 | D:4      | Noticed a slave
  3199 | D:4      | Killed Pikel
  3199 | D:4      | Reached skill level 7 in Maces & Flails
  3199 | D:4      | Reached skill level 6 in Armour
  3199 | D:4      | Reached XP level 7. HP: 34/63 MP: 6/6
  3216 | D:4      | Noticed Natasha
  3218 | D:4      | Killed Natasha
  3240 | D:4      | Found an iron altar of Okawaru.
  3263 | D:4      | Became a worshipper of Warmaster Okawaru
  3599 | D:4      | Found a glowing silver altar of Zin.
  3619 | D:4      | Noticed Natasha
  3634 | D:4      | Killed Natasha
  3638 | D:4      | Noticed Menkaure
  3641 | D:4      | Killed Menkaure
  3641 | D:4      | Reached skill level 8 in Maces & Flails
  3642 | D:4      | Noticed Natasha
  3654 | D:4      | Killed Natasha
  3928 | D:4      | Killed Blork the orc
  4065 | D:5      | Entered Level 5 of the Dungeon
  4156 | D:5      | Reached skill level 7 in Fighting
  4156 | D:5      | Reached XP level 8. HP: 64/73 MP: 7/7
  4205 | D:5      | Reached * piety under Okawaru
  4449 | D:5      | Reached skill level 9 in Maces & Flails
  4780 | D:5      | Found a sparkling altar of Nemelex Xobeh.
  5082 | D:5      | Found a hide-covered altar of Uskayaw.
  5082 | D:5      | Found a stormy altar of Qazlal.
  5084 | D:5      | Found a basalt altar of Yredelemnul.
  5237 | D:5      | Reached skill level 8 in Fighting
  5372 | D:6      | Killed from afar by an orc priest

Vanquished Creatures
  Pikel (D:4)
  Menkaure (D:4)
  An ice beast (D:5)
  A sky beast (D:5)
  A phantom (D:3)
  An orc warrior (D:6)
  An ogre (D:6)
  3 scorpions
  A hound (D:5)
  A jelly (D:6)
  An orc priest (D:5)
  An orc wizard (D:5)
  2 worker ants (D:5)
  Natasha (thrice) (D:4)
  A worker ant zombie (D:5)
  7 gnolls
  6 adders
  2 shadow imps (D:5)
  An ooze (D:2)
  An adder zombie (D:5)
  5 worms
  2 leopard geckos
  15 orcs
  4 ball pythons
  2 giant cockroaches
  4 goblins
  9 hobgoblins
  4 jackals
  2 quokkas
  7 bats
  2 frilled lizards
  A jackal zombie (D:5)
  9 kobolds
  A leopard gecko skeleton (D:3)
  A quokka skeleton (D:4)
  10 rats
115 creatures vanquished.

Vanquished Creatures (others)
  Blork the orc (D:4)
  A gnoll (D:4)
  An adder skeleton (D:4)
  A leopard gecko skeleton (D:4)
4 creatures vanquished.

Grand Total: 119 creatures vanquished
